 Dungeon Crawl Stone Soup version 0.21-a0-591-g2314aa1 (webtiles) character file.

37 wvc the Magician (level 3, 0/27 HPs)
             Began as a Barachi Wanderer on Dec 22, 2017.
             Succumbed to an adder's poison
             ... on level 2 of the Dungeon.
             The game lasted 00:01:41 (1137 turns).

wvc the Magician (Barachi Wanderer)                 Turns: 1137, Time: 00:01:42

Health: 0/27       AC:  5    Str: 15    XL:     3   Next: 41%
Magic:  7/7        EV: 11    Int: 18    God:
Gold:   80         SH:  0    Dex:  9    Spells: 8/8 levels left

rFire    . . .     SeeInvis .   b - +0 mace
rCold    . . .     Gourm    .   (no shield)
rNeg     . . .     Faith    .   e - +0 ring mail (curse)
rPois    .         Spirit   .   (no helmet)
rElec    .         Reflect  .   (no cloak)
rCorr    .         Harm     .   (no gloves)
MR       .....                  (no boots)
Stlth    ..........             (no amulet)
HPRegen  0.09/turn              (no ring)
MPRegen  0.10/turn              (no ring)

@: brilliant, lethally poisoned (0 -> -11), slow
A: +LOS, swims, slowness 1, strong legs 1
a: Hop


You were on level 2 of the Dungeon.
You were not hungry.

You visited 1 branch of the dungeon, and saw 3 of its levels.

You collected 80 gold pieces.

Inventory:

Hand Weapons
 b - a +0 mace (weapon)
Armour
 e - a cursed +0 ring mail (worn)
Scrolls
 c - a scroll of teleportation
 d - 2 scrolls of remove curse {unknown}
 i - 2 scrolls of identify {unknown}
Potions
 g - a potion of brilliance
Miscellaneous
 a - a box of beasts
Comestibles
 f - 4 rations


   Skills:
 + Level 2.2 Fighting
   Level 1.1 Axes
 + Level 2.2 Armour
 + Level 2.1 Dodging
 - Level 3.2 Spellcasting
   Level 2.1 Air Magic
 - Level 2.1 Evocations


You had 8 spell levels left.
You didn't know any spells.

Dungeon Overview and Level Annotations

Branches:
Dungeon (3/15)

Altars:


Innate Abilities, Weirdness & Mutations

Shadows flee at your approach. (+LOS)
You can swim through water.
You cover ground slowly.
You can hop short distances.


Message History

The adder is almost dead.
* * * LOW HITPOINT WARNING * * *
You feel sick.
The adder bites you but does no damage. x2
You sock the adder!
You kill the adder!
Your Dodging skill increases to level 2!
* * * LOW HITPOINT WARNING * * *
You feel sick. The bat hits you but does no damage. The bat misses you.
You completely miss the bat.
* * * LOW HITPOINT WARNING * * *
You feel sick. The bat hits you but does no damage.
The giant cockroach barely misses you.
You closely miss the giant cockroach.
* * * LOW HITPOINT WARNING * * *
You feel sick.
The giant cockroach bites you but does no damage.
The giant cockroach closely misses you.
It was a potion of brilliance.
You feel clever all of a sudden.
You die...

#<#.#### ###..........#
#.#.# #.....####.###
#.#.######.###.####.#
#.#.#..... #......#
#.#.#.####>###.####.#
#..#...........# #.#
###.#.########## #.#
#>#.#############.#
#.......?...bs@...#
.............##########
##.######.##..S.....[.#
.# # #.b...[..... .#
#........... ..
#........... ..
.............
##............
#............


You could see a giant cockroach and a bat.

Vanquished Creatures
  An adder (D:2)
  3 dart slugs (D:1)
  A ball python (D:1)
  3 bats (D:1)
  A giant cockroach (D:2)
  2 goblins (D:1)
  A hobgoblin (D:1)
  4 jackals (D:1)
  A frilled lizard (D:1)
  2 kobolds (D:1)
  2 rats
21 creatures vanquished.

Notes
Turn   | Place    | Note
-------+----------+-------------------------------------------
     0 | D:1      | wvc the Barachi Wanderer began the quest for the Orb.
     0 | D:1      | wvc set off with: a box of beasts, a +0 mace, a scroll of teleportation, a +0 robe, a ration
     0 | D:1      | Reached XP level 1. HP: 15/15 MP: 4/4
    87 | D:1      | Reached XP level 2. HP: 16/22 MP: 6/6
    88 | D:1      | Reached skill level 1 in Dodging
   540 | D:1      | Reached XP level 3. HP: 24/27 MP: 7/7
   903 | D:2      | You fall through a shaft!
  1136 | D:2      | HP: 1/27 [poisoned by an adder]
  1137 | D:2      | Succumbed to an adder's poison

Vault maps used:
D:1:      enne_arrival_octagon_isle
D:2:      zin_statuary, nicolae_qazlal_general_emergency, uniq_natasha
D:3:      overflow_temple_1_default, dk_yredelemnul_ordeal

Skill      XL: |  1  2  3 |
---------------+----------+-----
Dodging        | 1 2 |  2.1
Fighting       | 2 |  2.2
Armour         | 2 |  2.2
Axes           | |  1.1
Spellcasting   | |  3.2
Air Magic      | |  2.1
Evocations     | |  2.1

Action                   || total
-------------------------++-------
Melee: Mace              ||    75
  Use: Potion            ||     1
  Eat: Chunk             ||     1
Armor: Ring mail         ||    60
Dodge: Dodged            ||    64

Table legend:
 A = Spawn XP
 B = Non-spawn XP
 C = Spawn XP percentage of total XP
 D = Spawn monster count
 E = Non-spawn monster count
 F = Spawn count percentage of total count
 G = Total turns spent on level
                    A         B        C        D         E        F      G
               +---------+---------+-------+---------+---------+-------+---------
         Total |       0 |      54 |   0.0 |       0 |      21 |   0.0 |  1137
               +---------+---------+-------+---------+---------+-------+---------
           D:1 |       0 |      37 |   0.0 |       0 |      18 |   0.0 |   878
           D:2 |       0 |      17 |   0.0 |       0 |       3 |   0.0 |   213
               +---------+---------+-------+---------+---------+-------+---------
